 Dungeon Crawl Stone Soup version 0.29-a0-359-g541a27f54d (webtiles) character file.

Game seed: 11191690033988309279

46 zeratav the Shooter (level 3, -2/21 HPs)
             Began as a Tengu Hunter on Apr 27, 2022.
             Slain by a jackal (3 damage)
             ... on level 1 of the Dungeon.
             The game lasted 00:02:10 (1056 turns).

zeratav the Shooter (Tengu Hunter)                  Turns: 1056, Time: 00:02:11

Health: -2/21      AC:  4    Str: 11    XL:     3   Next: 66%
Magic:  4/4        EV: 12    Int:  9    God:
Gold:   21         SH:  0    Dex: 19    Spells: 2/2 levels left

rFire   . . .      SeeInvis .   a - +1 shortbow {bow}
rCold   . . .      Faith    .   (shield currently unavailable)
rNeg    . . .      Spirit   .   b - +0 leather armour
rPois   .          Reflect  .   (helmet restricted)
rElec   .          Harm     .   d - +0 cloak
rCorr   .          Rampage  .   (no gloves)
Will    .....                   (boots unavailable)
Stlth   ++........              (no amulet)
HPRegen 0.07/turn               (no ring)
MPRegen 0.09/turn               (no ring)

@: lethally poisoned (-2 -> -7), about to teleport
A: beak, talons 3
a: no special abilities


You were on level 1 of the Dungeon.
You visited 1 branch of the dungeon, and saw 2 of its levels.

You collected 21 gold pieces.


Innate Abilities, Weirdness & Mutations

You have a beak for a mouth.
You have claws for feet.


   Skills:
 - Level 2.0 Fighting
 + Level 5.8 Bows
 - Level 2.1 Dodging
 - Level 1.0 Stealth


You had 2 spell levels left.
You didn't know any spells.
Your spell library contained the following spells:

 Spells                   Type           Power      Damage    Failure   Level
 Foxfire                  Conj/Fire      0%         2x1d4     47%         1
 Conjure Flame            Conj/Fire      0%         6-21      85%         3
 Inner Flame              Hex/Fire       0%         N/A       85%         3
 Flame Wave               Conj/Fire      0%         2d4       99%         4

Inventory:

Hand Weapons
 a - a +1 shortbow (weapon) {bow}
Armour
 b - a +0 leather armour (worn)
 d - a +0 cloak (worn)
   (You found it on level 1 of the Dungeon)
 h - a +0 robe
   (You found it on level 1 of the Dungeon)
 n - a +0 leather armour
   (You found it on level 1 of the Dungeon)
Scrolls
 c - 2 scrolls of immolation {!r!r}
 j - a scroll of enchant weapon
 m - a scroll of brand weapon
Potions
 e - a potion of magic {unknown}
 i - a potion of heal wounds {unknown}
 k - a potion of brilliance {unknown}
 o - a potion of curing {unknown}

Dungeon Overview and Level Annotations

Branches:
Dungeon (2/15)

Altars:

#.####.##.#.# ###†...#####....##
#......##...# ####...#..)####
#########...# ###...###
.......####.## #########.##
...###.####..# #.........#
##...........# #.#######.# #####
#....#.####.## #.....# #.# #....
#......###...###B.##.###)####.###
#...........#.#r@h...............
#......###.#.##hSh#.####.#####.##
##.(.### ##.###...#.# #.# #.##
#...# ### #...#.####.# #.## #...#
#..........# #.## ##(..#
####.....##########...
##...#######...........)..##.....
...........#.##)#..##.....##.####
.............##.#.........##.##..


You could see an adder, a quokka, 3 jackals and a giant cockroach.


Message History

Shoot: a) +1 shortbow {bow}
Press: ? - help, Q - select action Shift-Dir - straight line, f - you That would be overly suicidal.
Okay, then.
HP[-8]
You take 8 damage, and now have 4/21 hp.
MASSIVE DAMAGE!! (PAUSE) Shoot: a) +1 shortbow {bow}
Press: ? - help, Q - select action Shift-Dir - straight line, f - you That would be overly suicidal.
Okay, then.
Shoot: a) +1 shortbow {bow}
Press: ? - help, Q - select action Shift-Dir - straight line, f - you That would be overly suicidal.
Okay, then.
Shoot: a) +1 shortbow {bow}
Press: ? - help, Q - select action Shift-Dir - straight line, f - you That would be overly suicidal.
Okay, then.
Shoot: a) +1 shortbow {bow}
Press: ? - help, Q - select action Shift-Dir - straight line, f - you That would be overly suicidal.
Okay, then.
You start resting.
HP[+17]
Your hp is fully restored (21).
You climb downwards.
The bat hits you but does no damage. The jackal completely misses you.
The adder bites you but does no damage. The quokka bites you.
The giant cockroach bites you but does no damage.
The jackal bites you but does no damage.
The jackal barely misses you. The adder bites you. The quokka misses you.
The giant cockroach misses you.
There is a stone staircase leading up here.
HP[-4]
You take 4 damage, and now have 17/21 hp.
The ball python hisses angrily.
The jackal closely misses you.
The jackal bites you but does no damage. x2
The adder closely misses you. The quokka barely misses you.
The giant cockroach barely misses you. The jackal barely misses you.
The jackal closely misses you. The jackal completely misses you.
You climb upwards.
There is a stone staircase leading down here.
Shoot: a) +1 shortbow {bow}
Press: ? - help, Q - select action Shift-Dir - straight line, f - adder
Aim: an adder (50% to hit)
You shoot an arrow. The arrow misses the adder.
The adder misses you. The jackal closely misses you. The jackal bites you.
The jackal misses you. The quokka closely misses you.
The giant cockroach closely misses you. The adder barely misses you.
The jackal bites you but does no damage.
The jackal bites you. The jackal barely misses you.
HP[-2]
You take 2 damage, and now have 15/21 hp.
Shoot: a) +1 shortbow {bow}
Press: ? - help, Q - select action Shift-Dir - straight line, f/p - adder
Aim: an adder (50% to hit)
You shoot an arrow.
The arrow hits the adder but does no damage.
The giant cockroach bites you.
The quokka bites you but does no damage.
The adder bites you. The jackal misses you.
The jackal bites you but does no damage. x2
The quokka twitches its whiskers.
The quokka bites you but does no damage.
The giant cockroach bites you but does no damage.
The adder bites you.
* * * LOW HITPOINT WARNING * * *
HP[-5]
You take 5 damage, and now have 10/21 hp.
MASSIVE DAMAGE!! (PAUSE) Shoot: a) +1 shortbow {bow}
Press: ? - help, Q - select action Shift-Dir - straight line, f/p - adder
Aim: an adder (50% to hit)
You shoot an arrow. The arrow hits the adder.
The jackal bites you.
* * * LOW HITPOINT WARNING * * *
The jackal misses you. The jackal barely misses you.
The giant cockroach closely misses you. The quokka closely misses you.
The adder bites you.
* * * LOW HITPOINT WARNING * * *
You are lethally poisoned!
The adder poisons you! The jackal barely misses you.
The jackal bites you but does no damage. x2
The quokka bites you.
* * * LOW HITPOINT WARNING * * *
The giant cockroach misses you. The adder barely misses you.
HP[-5]
You take 5 damage, and now have 5/21 hp.
MASSIVE DAMAGE!! (PAUSE)
As you read the scroll of teleportation {@r4}, it crumbles to dust.
You feel strangely unstable.
* * * LOW HITPOINT WARNING * * *
You feel sick. The jackal bites you.
* * * LOW HITPOINT WARNING * * *
The jackal bites you.
* * * LOW HITPOINT WARNING * * *
The jackal bites you.
You die...

Skill      XL: |  1  2 |
---------------+-------+-----
Bows           | 5 |  5.8
Fighting       | |  2.0
Dodging        | |  2.1
Stealth        | |  1.0

Action                   || total
-------------------------++-------
 Fire: Shortbow          ||    84
  Use: Scroll            ||     5
Armor: Leather armour    ||    26
Dodge: Dodged            ||    44

Levels and vault maps discovered:
D:1:      minmay_arrival_split_and_join, layout_loops_cross,
          shapermc_ecumenical_altar_petra, minmay_distorted
D:2:      wad_woods_stonehenge, layout_rooms, basic_altar

Notes
Turn   | Place    | Note
-------+----------+-------------------------------------------
     0 | D:1      | zeratav the Tengu Hunter began the quest for the Orb.
     0 | D:1      | Reached XP level 1. HP: 12/12 MP: 2/2
     0 | D:1      | magus.rc [v1.9.6]
   120 | D:1      | Reached XP level 2. HP: 15/17 MP: 3/3
   161 | D:1      | Reached skill level 5 in Bows
   226 | D:1      | Found a faded altar of an unknown god.
   261 | D:1      | You pick up a book of Flames and begin reading...
   261 | D:1      | You add the spells Foxfire, Conjure Flame, Inner Flame and
                  | Flame Wave to your library.
   304 | D:1      | Reached XP level 3. HP: 21/21 MP: 4/4
   814 | D:1      | HP: 5/21 [hobgoblin (1)]
  1055 | D:1      | HP: 5/21 [quokka (1)]
  1056 | D:1      | HP: 2/21 [jackal (1)]
  1056 | D:1      | Slain by a jackal

Vanquished Creatures
  6 bats (D:1)
  2 endoplasms (D:1)
  3 giant cockroaches (D:1)
  9 hobgoblins (D:1)
  A jackal (D:1)
  4 kobolds (D:1)
  A quokka (D:1)
  A ball python (D:1)
  3 frilled lizards (D:1)
  7 goblins (D:1)
  2 rats (D:1)
39 creatures vanquished.

Vanquished Creatures (others)
  A plant (D:2)
1 creature vanquished.

Grand Total: 40 creatures vanquished

Table legend:
 A = Non-vault XP
 B = Vault XP
 C = Vault XP percentage of total XP
 D = Non-vault monster count
 E = Vault monster count
 F = Vault count percentage of total count
                 A         B        C        D         E       F
            +---------+---------+-------+---------+---------+-------
      Total |      62 |       4 |   6.1 |      36 |       3 |   7.7
            +---------+---------+-------+---------+---------+-------
        D:1 |      62 |       4 |   6.1 |      36 |       3 |   7.7
            +---------+---------+-------+---------+---------+-------

Illustrated notes

Table legend:
 A = Kills in this place as a percentage of kills in entire the game.
 B = Kills by you in this place as a percentage of kills by you in the entire game.
 C = Kills by friends in this place as a percentage of kills by friends in the entire game.
 D = Other kills in this place as a percentage of other kills in the entire game.
 E = Experience gained in this place as a percentage of experience gained in the entire game.
 F = Experience gained in this place divided by the number of levels of this place that you have seen.
                   A       B       C       D       E      F
               +-------+-------+-------+-------+-------+----------------------
         Total | 100.0 | 100.0 |   N/A |   N/A | 100.0 |  33.0
       Dungeon | 100.0 | 100.0 |   N/A |   N/A | 100.0 |  33.0
               +-------+-------+-------+-------+-------+----------------------

Table legend: (Time is in decaauts)
 A = Elapsed time spent in this place.
 B = Non-inter-level travel time spent in this place.
 C = Inter-level travel time spent in this place.
 D = Time resting spent in this place.
 E = Time spent auto-exploring this place.
 F = Levels seen in this place.
 G = Mean time per level.
                   A        B        C        D        E       F      G
               +--------+--------+--------+--------+--------+-----+--------+
         Total |   1080 |   1048 |     32 |    230 |    641 |   2 |  540.0 |
       Dungeon |   1080 |   1048 |     32 |    230 |    641 |   2 |  540.0 |
               +--------+--------+--------+--------+--------+-----+--------+

Top non-repeatable levels by time:
     D:1: 1075 daAuts
     D:2: 5 daAuts
